 Dungeon Crawl Stone Soup version 0.28.0 (webtiles) character file.

Game seed: 5973505936451878171

1197 HallandMoats the Skirmisher (level 8, -6/51 HPs)
             Began as a Gargoyle Fighter on Feb 13, 2022.
             Was a Believer of Trog.
             Mangled by an orc warrior (12 damage)
             ... on level 5 of the Dungeon.
             The game lasted 00:05:06 (5157 turns).

HallandMoats the Skirmisher (Gargoyle Fighter)      Turns: 5157, Time: 00:05:07

Health: -6/51      AC: 11    Str: 23    XL:     8   Next: 44%
Magic:  11/11      EV: 12    Int:  8    God:    Trog [**....]
Gold:   168        SH:  0    Dex:  9    Spells: 7/7 levels left

rFire   + . .      SeeInvis .   l - +4 quarterstaff of Hiosampe {vorpal, rF+}
rCold   . . .      Faith    .   (shield currently unavailable)
rNeg    + . .      Spirit   .   n - +0 steam dragon scales
rPois   ∞          Reflect  .   (no helmet)
rElec   +          Harm     .   (no cloak)
rCorr   .          Rampage  .   (no gloves)
Will    .....                   (no boots)
Stlth   +.........              (no amulet)
HPRegen 0.17/turn               (no ring)
MPRegen 0.12/turn               (no ring)

@: no status effects
A: sickness immunity, AC +5, negative energy resistance 1, electricity
resistance, torment resistance 1, petrification resistance
a: Renounce Religion, Berserk, Trog's Hand


You were on level 5 of the Dungeon.
You worshipped Trog.
Trog was pleased with you.
You visited 1 branch of the dungeon, and saw 5 of its levels.

You collected 168 gold pieces.

Inventory:

Hand Weapons
 a - a +0 war axe
 l - the +4 quarterstaff of Hiosampe (weapon) {vorpal, rF+}
   (You found it on level 3 of the Dungeon)

   It inflicts extra damage upon your enemies.
   rF:        It protects you from fire.
 s - the +3 dagger of Qazlal {venom, rElec rN++ Str-5}
   (You took it off a gnoll on level 3 of the Dungeon)

   It poisons the flesh of those it strikes.
   Str:       It affects your strength (-5).
   rElec:     It insulates you from electricity.
   rN:        It greatly protects you from negative energy.
Armour
 c - a +0 buckler
 n - +0 steam dragon scales (worn)
Scrolls
 e - a scroll of enchant weapon {unknown}
 f - 2 scrolls of blinking {unknown}
 g - 2 scrolls of identify {unknown}
 h - a scroll of silence {unknown}
 j - a scroll of teleportation {unknown}
 o - 3 scrolls of enchant armour {unknown}
 q - a scroll of noise {unknown}
Potions
 b - a potion of degeneration {unknown}
 d - a potion of might
 i - 2 potions of curing {unknown}
 k - 2 potions of mutation {unknown}
 m - 2 potions of brilliance {unknown}
 p - a potion of attraction {unknown}
 r - a potion of heal wounds


   Skills:
 * Level 5.9 Fighting
 * Level 4.5 Axes
 + Level 4.8 Armour
 + Level 2.3 Dodging
 + Level 4.8 Shields
 * Level 4.8 Invocations


You had 7 spell levels left.
You didn't know any spells.
Your spell library contained the following spells:

 Spells                   Type           Power      Damage    Failure   Level
 Beastly Appendage        Tmut           0%         N/A       41%         1
 Magic Dart               Conj           0%         1d3       41%         1
 Searing Ray              Conj           0%         2d4       54%         2
 Wereblood                Tmut           0%         N/A       54%         2
 Spider Form              Tmut/Pois      0%         N/A       78%         3
 Fulminant Prism          Conj/Hex       0%         3d6       99%         4


Dungeon Overview and Level Annotations

Branches:
Dungeon (5/15)
 Temple: D:4-7

Altars:
Elyvilon
Trog

Shops:
D:1 =(*?   D:2 *   D:3 :   D:5 !


Innate Abilities, Weirdness & Mutations

You are immune to sickness and miasma.
Your stone body is resilient. (AC +5)
You are immune to poison.
You resist negative energy. (rN+)
You are resistant to electric shocks. (rElec)
You are resistant to unholy torment.
You are immune to petrification.


Message History

You see here a hound corpse.
You barely miss the orc warrior. The orc warrior closely misses you.
Something hits you but does no damage.
The orc wizard hits you but does no damage.
The orc warrior hits you but does no damage.
You barely miss the orc warrior. Something hits you.
The orc wizard points at you and mumbles some strange words.
You resist with some effort.
The orc warrior hits you with a +0 trident.
* * * LOW HITPOINT WARNING * * *
Something hits you but does no damage.
You hit the orc warrior.
The orc warrior is lightly wounded.
The orc wizard closely misses you. The orc warrior barely misses you.
Something hits you.
* * * LOW HITPOINT WARNING * * *
The orc wizard hits you but does no damage.
You hit the orc warrior but do no damage.
The orc warrior is lightly wounded.
The orc warrior misses you. Something hits you but does no damage.
The orc wizard hits you but does no damage.
You sock the orc warrior!
The orc warrior is moderately wounded.
The orc warrior hits you but does no damage.
Something barely misses you. The orc wizard barely misses you.
The orc warrior barely misses you. Something hits you but does no damage.
You hit the orc warrior.
The orc warrior is heavily wounded.
The orc wizard hits you but does no damage.
The orc warrior closely misses you. Something hits you but does no damage.
The orc wizard hits you with a +4 dagger of protection.
* * * LOW HITPOINT WARNING * * *
You hit the orc warrior.
The orc warrior is severely wounded.
The orc warrior closely misses you. Something hits you but does no damage.
The orc wizard hits you but does no damage.
You thump the orc warrior!
The orc warrior is almost dead.
The orc warrior hits you with a +0 trident!
You die...

#......#......##
##.............#
##..............#
.##.................
..........⌠.⌠.......#
...........∩........#
..........⌠.⌠......
........o..........
......o@...........
.......)...........
...................
.........?.........
...................
...##..####...####
..# ##. ..## .# #.
...


You could see an orc warrior and an orc wizard.

Vanquished Creatures
  Grinder (D:5)
  A steam dragon (D:4)
  A water moccasin (D:4)
  A necrophage (D:4)
  An ogre (D:4)
  A phantom (D:5)
  A scorpion (D:4)
  2 jellies
  2 orc priests
  2 hounds
  An iguana (D:4)
  3 orc wizards
  A hound skeleton (D:4)
  4 gnolls (D:3)
  5 adders
  An ufetubus (D:5)
  2 worms
  3 dart slugs
  9 orcs
  3 bats
  5 endoplasms
  7 goblins
  8 hobgoblins
  4 jackals (D:2)
  2 quokkas
  10 ball pythons
  4 frilled lizards
  7 kobolds
  5 rats
97 creatures vanquished.

Vanquished Creatures (others)
  A quokka (D:4)
1 creature vanquished.

Grand Total: 98 creatures vanquished

Notes
Turn   | Place    | Note
-------+----------+-------------------------------------------
     0 | D:1      | HallandMoats the Gargoyle Fighter began the quest for the
                  | Orb.
     0 | D:1      | Reached XP level 1. HP: 14/14 MP: 1/1
    29 | D:1      | Found Huuseur's Assorted Antiques.
    63 | D:1      | Found Iniynich's Magic Scroll Shoppe.
   241 | D:1      | Reached XP level 2. HP: 13/19 MP: 2/2
   491 | D:1      | Found Leetal's Antique Weapon Shop.
   699 | D:1      | Found Pul Tom's Jewellery Emporium.
   707 | D:1      | Found Laumoho's Assorted Antiques.
   762 | D:1      | Reached skill level 1 in Invocations
  1120 | D:2      | Reached XP level 3. HP: 13/23 MP: 3/3
  1460 | D:2      | Found Pequx's General Store.
  1681 | D:2      | Found a faded altar of an unknown god.
  1745 | D:2      | Prayed at the altar of an unknown god.
  1745 | D:2      | Became a worshipper of Trog the Wrathful
  1745 | D:2      | Reached * piety under Trog
  1822 | D:2      | Reached XP level 4. HP: 24/29 MP: 5/5
  2043 | D:3      | Identified the +4 quarterstaff of Hiosampe {vorpal, rF+}
  2147 | D:3      | Found a white marble altar of Elyvilon.
  2195 | D:3      | Reached skill level 4 in Fighting
  2205 | D:3      | Reached XP level 5. HP: 16/33 MP: 6/6
  2251 | D:3      | Found Hethrulo's Book Boutique.
  2428 | D:3      | Identified the +3 dagger of Qazlal {venom, rElec rN++
                  | Str-5}
  2435 | D:3      | Reached skill level 1 in Dodging
  2919 | D:3      | Reached ** piety under Trog
  2931 | D:3      | Reached XP level 6. HP: 15/39 MP: 7/7
  3340 | D:4      | Noticed a steam dragon
  3347 | D:4      | Killed a steam dragon
  3706 | D:4      | Reached XP level 7. HP: 31/44 MP: 9/9
  3836 | D:4      | Reached skill level 5 in Fighting
  4956 | D:5      | Entered Level 5 of the Dungeon
  4962 | D:5      | Reached XP level 8. HP: 47/50 MP: 11/11
  5073 | D:5      | Found Ecesuc's Distillery.
  5126 | D:5      | Noticed Grinder
  5133 | D:5      | Paralysed by Grinder for 5 turns
  5142 | D:5      | Killed Grinder
  5157 | D:5      | Mangled by an orc warrior

Illustrated notes

Levels and vault maps discovered:
D:1:      minmay_arrival_open_corners, layout_basic, serial_shops,
          nicolae_shop_advertising_works [nicolae_subvault_shop_adworks],
          nicolae_shop_temple_entry_statues_fountains, shop, shop, shop,
          nrook_campfire
D:2:      layout_rooms, ebering_ecumenical_altar_box, serial_shops,
          nicolae_diamond_shop
D:3:      layout_loops_corners, nicolae_elyvilon_peaceful_grove, serial_shops,
          shop, minmay_crystal_water, grunt_ministairs_9, minmay_distorted
D:4:      layout_loops_corners, kennysheep_doodads
D:5:      layout_layer_cave, mainiacjoe_overflow_surrounded_room, serial_shops,
          shop_fountains, uniq_grinder

Skill      XL: |  1  2  3  4  5  6  7 |
---------------+----------------------+-----
Axes           | 2 3 4 |  4.5
Invocations    | 1 2 3 4 |  4.8
Fighting       | 4 5 |  5.9
Dodging        | 1 2 |  2.3
Armour         | 4 |  4.8
Shields        | 4 |  4.8

Action                   |  1- 3 |  4- 6 |  7- 9 || total
-------------------------+-------+-------+-------++-------
Melee: War axe           |    99 |    14 |       ||   113
       Quarterstaff      |       |    85 |    83 ||   168
Armor: Scale mail        |    84 |    49 |       ||   133
       Steam dragon scal |       |    24 |    71 ||    95
Dodge: Dodged            |    52 |    47 |    70 ||   169
Block: Buckler           |    19 |     6 |       ||    25
